 Dungeon Crawl Stone Soup version 0.21.1-1-g345015f (webtiles) character file.

1633 garbagetei the Firebug (level 8, -1/60 HPs)
             Began as a Gnoll Fire Elementalist on Feb 6, 2018.
             Slain by an orc warrior
             ... wielding a +0 trident
              (17 damage)
             ... on level 6 of the Dungeon.
             The game lasted 00:11:53 (6288 turns).

garbagetei the Firebug (Gnoll Fire Elementalist)    Turns: 6288, Time: 00:11:53

Health: -1/60      AC:  5    Str: 10    XL:     8   Next: 98%
Magic:  2/17       EV: 16    Int: 19    God:
Gold:   123        SH:  0    Dex: 17    Spells: 11/19 levels left

rFire    . . .     SeeInvis .   z - +2 glaive (protect)
rCold    . . .     Gourm    .   (shield currently unavailable)
rNeg     . . .     Faith    .   a - +0 robe
rPois    .         Spirit   .   (no helmet)
rElec    .         Reflect  .   t - +2 cloak
rCorr    .         Harm     .   (no gloves)
MR       .....                  (no boots)
Stlth    +++.......             (no amulet)
HPRegen  0.20/turn              (no ring)
MPRegen  0.15/turn              (no ring)

@: very slightly contaminated
A: distributed training, fangs 1, strong nose
a: no special abilities


You were on level 6 of the Dungeon.
You were hungry.

You visited 1 branch of the dungeon, and saw 6 of its levels.

You collected 233 gold pieces.
You spent 110 gold pieces at shops.

Inventory:

Hand Weapons
 e - a +0 club
 i - a +0 hand axe of chopping
 z - a +2 glaive of protection (weapon)
Armour
 a - a +0 robe (worn)
 t - a +2 cloak (worn)
Jewellery
 n - an uncursed ring of fire
Wands
 v - a wand of acid (10)
Scrolls
 d - a scroll of fear {unknown}
 g - a scroll of immolation {unknown}
 h - 3 scrolls of remove curse
 j - a scroll of noise {unknown}
 o - 4 scrolls of teleportation
 u - a scroll of amnesia
 w - 3 scrolls of enchant weapon {unknown}
 y - a scroll of brand weapon {unknown}
 B - a scroll of fog {unknown}
Potions
 k - a potion of haste
 l - 2 potions of curing
 m - 2 potions of agility {unknown}
 q - a potion of heal wounds
 r - a potion of mutation
 s - 2 potions of degeneration
 A - a potion of might
Books
 b - a book of Flames

   Spells                             Type                      Level
   a - Flame Tongue                   Conjuration/Fire             1
   b - Throw Flame                    Conjuration/Fire             2
   c - Conjure Flame                  Conjuration/Fire             3
   d - Inner Flame                    Hexes/Fire                   3
   e - Sticky Flame                   Conjuration/Fire             4
   f - Fireball                       Conjuration/Fire             5
Comestibles
 c - 9 rations
 f - 2 chunks of flesh


   Skills:
 + Level 3.6 Fighting
 + Level 3.6 Short Blades
 + Level 3.6 Long Blades
 + Level 3.6 Axes
 + Level 3.6 Maces & Flails
 + Level 3.6 Polearms
 + Level 3.6 Staves
 + Level 3.6 Slings
 + Level 3.6 Bows
 + Level 3.6 Crossbows
 + Level 3.6 Throwing
 + Level 3.6 Armour
 + Level 5.9 Dodging
 + Level 5.6 Stealth
 + Level 3.6 Shields
 + Level 3.6 Unarmed Combat
 + Level 6.2 Spellcasting
 + Level 3.7 Conjurations
 + Level 3.0 Hexes
 + Level 3.0 Charms
 + Level 3.0 Summonings
 + Level 3.0 Necromancy
 + Level 3.0 Translocations
 + Level 3.0 Transmutations
 + Level 6.3 Fire Magic
 + Level 3.0 Ice Magic
 + Level 3.0 Air Magic
 + Level 3.0 Earth Magic
 + Level 3.0 Poison Magic
 + Level 4.0 Invocations
 + Level 3.6 Evocations


You had 11 spell levels left.
You knew the following spells:

 Your Spells              Type           Power        Failure   Level  Hunger
a - Flame Tongue          Conj/Fire      ####.        1%          1    None
b - Conjure Flame         Conj/Fire      ####....     4%          3    ##.....
c - Sticky Flame          Conj/Fire      ####....     14%         4    ####...


Dungeon Overview and Level Annotations

Branches:
Dungeon (6/15)
 Temple: D:4-7

Altars:
Dithmenos
Fedhas
Sif Muna
Yredelemnul

Shops:
D:4 ?


Innate Abilities, Weirdness & Mutations

Your experience applies equally to all skills.
You have very sharp teeth.
Your uncanny sense of smell can sniff out nearby items.


Message History

The flame tongue hits the orc.
You kill the orc!
The orc warrior misses you.
The orc warrior hits you from afar with a trident!
The orc warrior hits you with a trident!!
There is an open door, spattered with blood here.
Items here: )) [ † a dagger x2; a robe; a giant cockroach corpse
Casting: Flame Tongue
Confirm with . or Enter, or press ? or * to list all spells.
Aiming: Sticky Flame
Press: ? - help, Shift-Dir - straight line, f - orc warrior
Aim: an orc warrior, wielding a trident and wearing a chain mail You miscast Sticky Flame.
You are very lightly contaminated with residual magic.
You are momentarily dazzled by a flash of light!
The orc warrior hits you with a trident!
* * * LOW HITPOINT WARNING * * *
The orc warrior hits you from afar with a trident!
You die...

,,,,,*,,,*,,,,,#...##....#....#.)
,,,,,*,,,*,,,,,#<..##....#....#..
,,,,,*,,,#.....#.........#..[.#..
******,,,#.....#.........######..
*,,,,#.....#.........#.......
*,,,,#.....#...##....#.......
*,,,,#.....#...##....#.......
*,,,,#.....#.........#.......
*,***#....)#@........#.......
*,,,,#....o).........#.......
*,,,.'.....#.........#.......
*,,,.#.....#...##....#.......
*,,,,#.....#...##....#.......
*,,,,#.....#.........#.......
****,###.....#...##....#.....##
*,,*,#.......#...##....#.....#.
*,,,,+.......#.........#.....#.


You could see an orc warrior.

Vanquished Creatures
  Grinder (D:4)
  Prince Ribbit (D:5)
  An orc warrior (D:6)
  A sky beast (D:6)
  3 ogres
  Blork the orc (D:5)
  A bullfrog zombie (D:5)
  3 orc priests
  3 hounds
  5 orc wizards
  5 iguanas
  A bullfrog skeleton (D:5)
  Ijyb (D:4)
  A worker ant (D:5)
  6 adders
  3 oozes
  An adder skeleton (D:4)
  3 worms (D:2)
  4 dart slugs
  4 leopard geckos
  17 orcs
  A ball python (D:6)
  6 bats
  4 giant cockroaches
  5 hobgoblins
  9 jackals
  3 quokkas
  10 frilled lizards
  A giant cockroach zombie (D:6)
  5 goblins
  6 kobolds
  A leopard gecko skeleton (D:6)
  A quokka skeleton (D:4)
  6 rats
124 creatures vanquished.

Notes
Turn   | Place    | Note
-------+----------+-------------------------------------------
     0 | D:1      | garbagetei the Gnoll Fire Elementalist began the quest for the Orb.
     0 | D:1      | Reached XP level 1. HP: 13/13 MP: 6/6
   315 | D:1      | Reached XP level 2. HP: 15/19 MP: 7/7
   978 | D:2      | Reached XP level 3. HP: 25/25 MP: 5/9
   987 | D:2      | Reached skill level 5 in Spellcasting
  1076 | D:2      | Learned a level 3 spell: Conjure Flame
  1221 | D:2      | HP: 1/25 [orc priest/divine providence (8)]
  1576 | D:2      | Reached skill level 1 in Invocations
  1959 | D:2      | Reached skill level 1 in Fighting
  1959 | D:2      | Reached skill level 1 in Short Blades
  1959 | D:2      | Reached skill level 1 in Long Blades
  1959 | D:2      | Reached skill level 1 in Axes
  1959 | D:2      | Reached skill level 1 in Maces & Flails
  1959 | D:2      | Reached skill level 1 in Polearms
  1959 | D:2      | Reached skill level 1 in Staves
  1959 | D:2      | Reached skill level 1 in Slings
  1959 | D:2      | Reached skill level 1 in Bows
  1959 | D:2      | Reached skill level 1 in Crossbows
  1959 | D:2      | Reached skill level 1 in Throwing
  1959 | D:2      | Reached skill level 1 in Armour
  1959 | D:2      | Reached skill level 1 in Shields
  1959 | D:2      | Reached skill level 1 in Unarmed Combat
  1959 | D:2      | Reached skill level 1 in Evocations
  1993 | D:2      | Reached XP level 4. HP: 30/32 MP: 11/11
  2067 | D:2      | Reached skill level 1 in Hexes
  2067 | D:2      | Reached skill level 1 in Charms
  2067 | D:2      | Reached skill level 1 in Summonings
  2067 | D:2      | Reached skill level 1 in Necromancy
  2067 | D:2      | Reached skill level 1 in Translocations
  2067 | D:2      | Reached skill level 1 in Transmutations
  2067 | D:2      | Reached skill level 1 in Ice Magic
  2067 | D:2      | Reached skill level 1 in Air Magic
  2067 | D:2      | Reached skill level 1 in Earth Magic
  2067 | D:2      | Reached skill level 1 in Poison Magic
  2550 | D:3      | Reached XP level 5. HP: 33/37 MP: 10/12
  3241 | D:4      | Learned a level 4 spell: Sticky Flame
  3320 | D:4      | Noticed an ogre
  3331 | D:4      | Killed an ogre
  3331 | D:4      | Reached XP level 6. HP: 44/44 MP: 9/14
  3370 | D:4      | Reached skill level 5 in Dodging
  3566 | D:4      | Noticed Grinder
  3581 | D:4      | Killed Grinder
  3581 | D:4      | Reached XP level 7. HP: 5/50 MP: 0/15
  3895 | D:4      | Found Ydiyntop's Magic Scroll Emporium.
  3903 | D:4      | Bought a scroll of identify for 26 gold pieces
  3903 | D:4      | Bought a scroll of teleportation for 39 gold pieces
  3903 | D:4      | Bought a scroll of amnesia for 45 gold pieces
  3952 | D:4      | Noticed Ijyb
  3961 | D:4      | Killed Ijyb
  3996 | D:4      | You fall through a shaft!
  3996 | D:5      | Entered Level 5 of the Dungeon
  4087 | D:5      | Noticed Blork the orc
  4349 | D:4      | Reached skill level 5 in Stealth
  4859 | D:5      | Reached XP level 8. HP: 56/57 MP: 7/16
  4936 | D:5      | Found a blossoming altar of Fedhas.
  4936 | D:5      | Found a basalt altar of Yredelemnul.
  4936 | D:5      | Found a deep blue altar of Sif Muna.
  4937 | D:5      | Found a shadowy altar of Dithmenos.
  4992 | D:5      | Noticed Prince Ribbit
  5002 | D:5      | Killed Prince Ribbit
  5276 | D:5      | Killed Blork the orc
  6288 | D:6      | Slain by an orc warrior

Skill      XL: |  1  2  3  4  5  6  7  8 |
---------------+-------------------------+-----
Conjurations   | 2 3 |  3.7
Spellcasting   | 5 6 |  6.2
Invocations    | 1 2 3 4 |  4.0
Fighting       | 1 2 3 |  3.6
Short Blades   | 1 2 3 |  3.6
Long Blades    | 1 2 3 |  3.6
Axes           | 1 2 3 |  3.6
Maces & Flails | 1 2 3 |  3.6
Polearms       | 1 2 3 |  3.6
Staves         | 1 2 3 |  3.6
Slings         | 1 2 3 |  3.6
Bows           | 1 2 3 |  3.6
Crossbows      | 1 2 3 |  3.6
Throwing       | 1 2 3 |  3.6
Armour         | 1 2 3 |  3.6
Shields        | 1 2 3 |  3.6
Unarmed Combat | 1 2 3 |  3.6
Evocations     | 1 2 3 |  3.6
Hexes          | 1 2 3 |  3.0
Charms         | 1 2 3 |  3.0
Summonings     | 1 2 3 |  3.0
Necromancy     | 1 2 3 |  3.0
Translocations | 1 2 3 |  3.0
Transmutations | 1 2 3 |  3.0
Ice Magic      | 1 2 3 |  3.0
Air Magic      | 1 2 3 |  3.0
Earth Magic    | 1 2 3 |  3.0
Poison Magic   | 1 2 3 |  3.0
Dodging        | 5 |  5.9
Stealth        | 5 |  5.6
Fire Magic     | 6 |  6.3

Action                   |  1- 3 |  4- 6 |  7- 9 || total
-------------------------+-------+-------+-------++-------
Melee: Unarmed           |    25 |       |       ||    25
       Club              |    29 |       |       ||    29
       Bite              |     9 |     4 |     5 ||    18
       Punch             |     1 |       |       ||     1
       Hand axe          |    35 |    54 |    23 ||   112
       Glaive            |       |       |    38 ||    38
 Cast: Flame Tongue      |    45 |    38 |    46 ||   129
       Conjure Flame     |     1 |       |     1 ||     2
       Sticky Flame      |       |     3 |    16 ||    19
  Use: Scroll            |     1 |       |     5 ||     6
       Potion            |     1 |       |       ||     1
 Stab: Sleeping          |     1 |     4 |     5 ||    10
  Eat: Chunk             |     3 |     5 |    11 ||    19
Armor: Robe              |    25 |     6 |    23 ||    54
Dodge: Dodged            |   108 |    71 |    79 ||   258
